 Dungeon Crawl Stone Soup version 0.20.1-1-g8b1a95d (console) character file.

522 bli the Covered (level 7, -4/55 HPs)
             Began as a Formicid Abyssal Knight on Aug 15, 2017.
             Was a Believer of Lugonu.
             Slain by an ice beast (9 damage)
             ... on level 5 of the Dungeon.
             The game lasted 00:13:20 (3372 turns).

bli the Covered (Formicid Abyssal Knight)           Turns: 3372, Time: 00:13:21

Health: -4/55      AC:  6    Str: 19    XL:     7   Next: 46%
Magic:  8/8        EV: 11    Int: 11    God:    Lugonu [**....]
Gold:   257        SH:  0    Dex: 10    Spells: 6/6 levels left

rFire    . . .     SeeInvis +   a - +1 mace
rCold    . . .     Gourm    .   (no shield)
rNeg     . . .     Faith    .   k - +0 ring mail
rPois    .         Spirit   .   (helmet unavailable)
rElec    .         Reflect  .   (no cloak)
rCorr    .         Harm     .   (no gloves)
MR       .....                  (no boots)
Stlth    ..........             (no amulet)
Regen    0.2/turn               (no ring)
MPRegen  0.2/turn               (no ring)

@: no status effects
A: permanent stasis, dig shafts and tunnels, four strong arms, antennae 3
a: Dig, Shaft Self, Depart the Abyss, Bend Space, Renounce Religion


You were on level 5 of the Dungeon.
You worshipped Lugonu.
Lugonu was pleased with you.
You were hungry.

You visited 1 branch of the dungeon, and saw 6 of its levels.
You visited the Abyss 1 time.

You collected 257 gold pieces.

Inventory:

Hand Weapons
 a - a +1 mace (weapon)
 b - the +8 hunting sling of Vougene {freeze, rElec}
   (You found it on level 6 of the Dungeon)

   It causes projectiles fired from it to freeze those they strike, causing
   extra injury to most foes and up to half again as much damage against
   particularly susceptible opponents.
   They can also slow down cold-blooded creatures.
   It insulates you from electricity.
 v - a +0 trident
 y - a +1 dagger of draining
 B - a +0 war axe
Missiles
 g - 44 stones (quivered)
 r - 2 javelins
Armour
 k - a +0 ring mail (worn)
 m - a +0 large shield
 C - a +0 leather armour
Jewellery
 D - a +4 ring of strength {unknown}
 E - an uncursed ring of poison resistance {unknown}
Scrolls
 d - 2 scrolls of fog {unknown}
 f - a scroll of random uselessness {unknown}
 j - a scroll of enchant weapon {unknown}
 l - 4 scrolls of identify {unknown}
 o - 2 scrolls of teleportation {unknown}
 q - a scroll of magic mapping {unknown}
 t - a scroll of fear {unknown}
 x - 4 scrolls of remove curse {unknown}
Potions
 e - a potion of curing {unknown}
 h - a potion of heal wounds {unknown}
 i - a potion of might {unknown}
 p - a potion of flight {unknown}
 u - 3 potions of mutation {unknown}
 w - a potion of lignification {unknown}
 z - a potion of ambrosia {unknown}
Comestibles
 c - 4 bread rations
 n - 2 meat rations
 s - a fruit
 A - 2 royal jellies


   Skills:
 + Level 4.6 Fighting
 + Level 4.8 Maces & Flails
 + Level 0.4 Slings
 * Level 5.2 Armour
 - Level 1.0 Dodging
 * Level 2.2 Shields
 + Level 2.3 Invocations


You had 6 spell levels left.
You didn't know any spells.

Dungeon Overview and Level Annotations

Branches:
Dungeon (6/15)             Temple (0/1) D:6

Altars:
Ashenzari
Dithmenos
Gozag
Makhleb
Xom
Zin
The Shining One

Annotations:
D:3 bosm's ghost, amateur KoHu


Innate Abilities, Weirdness & Mutations

You cannot be hasted, slowed, berserked, paralysed or teleported.
You can dig through walls and to a lower floor.
Your four strong arms can wield two-handed weapons with a shield.
You have a pair of large antennae on your head. (SInv)


Message History

The ice beast barely misses you.
You barely miss the ice beast.
The ice beast is almost dead.
The ice beast hits you. The ice beast freezes you!
* * * LOW HITPOINT WARNING * * *
You hit the ice beast but do no damage.
The ice beast is almost dead.
The ice beast hits you but does no damage.
You hit the ice beast.
The ice beast is almost dead.
The ice beast hits you but does no damage.
You hit the ice beast but do no damage.
The ice beast is almost dead.
The ice beast hits you but does no damage.
You closely miss the ice beast.
The ice beast is almost dead.
The ice beast hits you.
* * * LOW HITPOINT WARNING * * *
The ice beast freezes you!
You die...

#...##....#.....#...##.
#...#.....#.....###'##.
#...#.....'.....#....'.
#...##....#.....#....#.
#...#######.....#...##.
#...#...........#######
#...#................#.
#................#.
#................#.
#................##
######.@................
#......Y....##########..
#...........# #....#..
#......(....# #....'..
#...........+ #....#..
#...........# ##...#..
########...... ####'##..
...... #.....#.. ....(.
#.....#.. #.....'..
#.....#..


You could see an ice beast.

Vanquished Creatures
  Eustachio (D:6)
  A crimson imp (D:5)
  A hound (D:2)
  A bullfrog skeleton (D:5)
  2 orc wizards (D:4)
  Jessica (D:2)
  Natasha (D:2)
  Terence (D:3)
  A worker ant (D:5)
  2 hound skeletons
  2 adders (D:3)
  2 oozes
  3 worms
  4 dart slugs
  2 leopard geckos
  5 orcs
  5 goblins
  5 hobgoblins
  6 jackals (D:1)
  3 quokkas
  2 bats
  2 frilled lizards (D:1)
  3 kobolds
  A quokka skeleton (D:6)
  2 quokka zombies
  8 rats
67 creatures vanquished.

Notes
Turn   | Place    | Note
-------+----------+-------------------------------------------
     0 | Abyss:1  | bli the Formicid Abyssal Knight began the quest for the Orb.
     0 | Abyss:1  | Reached XP level 1. HP: 18/18 MP: 2/2
    37 | Abyss:1  | Noticed a small abomination
    50 | Abyss:1  | Noticed a large abomination
    72 | D:1      | Escaped the Abyss
   264 | D:1      | Reached XP level 2. HP: 18/24 MP: 3/3
   472 | D:1      | Reached skill level 1 in Dodging
   608 | D:1      | Reached XP level 3. HP: 22/30 MP: 4/4
   874 | D:1      | Reached ** piety under Lugonu
  1176 | D:2      | Noticed Jessica
  1183 | D:2      | Killed Jessica
  1183 | D:2      | Reached XP level 4. HP: 37/37 MP: 5/5
  1221 | D:2      | Reached skill level 3 in Armour
  1460 | D:2      | Found a shattered altar of Ashenzari.
  1554 | D:2      | Found an opulent altar of Gozag.
  1662 | D:2      | Found a burning altar of Makhleb.
  1669 | D:2      | Reached XP level 5. HP: 35/42 MP: 6/6
  1672 | D:2      | Noticed Natasha
  1678 | D:2      | Killed Natasha
  1851 | D:3      | Found a shadowy altar of Dithmenos.
  1969 | D:3      | Found a glowing golden altar of the Shining One.
  1970 | D:3      | Noticed bosm's ghost (amateur KoHu)
  2000 | D:3      | Noticed Terence
  2009 | D:3      | Killed Terence
  2009 | D:3      | Reached skill level 4 in Armour
  2219 | D:4      | Reached XP level 6. HP: 42/48 MP: 7/7
  2250 | D:4      | Reached skill level 1 in Shields
  2277 | D:4      | Noticed an ogre
  2318 | D:5      | Entered Level 5 of the Dungeon
  2320 | D:5      | Found a shimmering altar of Xom.
  2320 | D:5      | Found a glowing silver altar of Zin.
  2320 | D:5      | Noticed an angel
  2671 | D:5      | Noticed an ogre
  2832 | D:6      | Got an encrusted hunting sling
  2833 | D:6      | Identified the +8 hunting sling of Vougene {freeze, rElec} (You found it on level 6 of the Dungeon)
  2896 | D:6      | Found a staircase to the Ecumenical Temple.
  2897 | D:6      | Noticed Eustachio
  2905 | D:6      | Killed Eustachio
  2905 | D:6      | Reached skill level 5 in Armour
  2905 | D:6      | Reached XP level 7. HP: 55/55 MP: 8/8
  3372 | D:5      | Slain by an ice beast

Skill      XL: |  1  2  3  4  5  6 |
---------------+-------------------+-----
Dodging        | 1 |  1.0
Fighting       | 4 |  4.6
Maces & Flails | 3 4 |  4.8
Armour         | 3 4 5 |  5.2
Shields        | 2 |  2.2
Slings         | |  0.4
Invocations    | |  2.3

Action                   |  1- 3 |  4- 6 |  7- 9 || total
-------------------------+-------+-------+-------++-------
Melee: Mace              |    90 |   166 |    36 ||   292
 Fire: Hunting sling     |       |     8 |    12 ||    20
Throw: Stone             |       |       |     1 ||     1
  Eat: Chunk             |     1 |     4 |     1 ||     6
       Fruit             |       |       |     2 ||     2
Armor: Leather armour    |     7 |       |       ||     7
       Ring mail         |    20 |    69 |    15 ||   104
Dodge: Dodged            |    60 |    84 |    15 ||   159
